 Dungeon Crawl Stone Soup version 0.28.0-53-g5a82cb258f (webtiles) character file.

Game seed: 12112543060409554553

102 thriggle the Firebug (level 4, -4/36 HPs)
             Began as a Hill Orc Fire Elementalist on June 7, 2022.
             Slain by a gnoll
             ... wielding a +0 spear
              (5 damage)
             ... on level 3 of the Dungeon.
             The game lasted 00:11:02 (2720 turns).

thriggle the Firebug (Hill Orc Fire Elementalist)   Turns: 2720, Time: 00:11:02

Health: -4/36      AC:  4    Str: 10    XL:     4   Next: 77%
Magic:  1/7        EV: 11    Int: 17    God:
Gold:   89         SH:  0    Dex: 11    Spells: 4/7 levels left

rFire   . . .      SeeInvis .   f - +0 spear
rCold   . . .      Faith    .   (no shield)
rNeg    . . .      Spirit   .   i - +0 leather armour
rPois   .          Reflect  .   (no helmet)
rElec   .          Harm     .   m - +0 cloak
rCorr   .          Rampage  .   (no gloves)
Will    +....                   (no boots)
Stlth   ++........              (no amulet)
HPRegen 0.12/turn               l - ring of willpower
MPRegen 0.10/turn               (no ring)

@: mighty
A: no striking features
a: no special abilities


You were on level 3 of the Dungeon.
You visited 1 branch of the dungeon, and saw 3 of its levels.

You collected 89 gold pieces.

Inventory:

Hand Weapons
 f - a +0 spear (weapon)
 r - a +0 hunting sling
Missiles
 b - 148 stones (quivered)
 g - 2 boomerangs
Armour
 a - a +0 robe
 i - a +0 leather armour (worn)
 m - a +0 cloak (worn)
Jewellery
 l - a ring of willpower (left hand)
Scrolls
 e - a scroll of immolation {unknown}
 k - a scroll of fog {unknown}
 n - a scroll of teleportation {unknown}
 o - a scroll of noise {unknown}
 q - a scroll of amnesia {unknown}
 u - a scroll of magic mapping {unknown}
Potions
 c - a potion of curing {unknown}
 d - 2 potions of might
 h - a potion of heal wounds {unknown}
 j - 3 potions of brilliance {unknown}
 p - a potion of cancellation {unknown}
 s - a potion of invisibility {unknown}
 t - a potion of mutation {unknown}


   Skills:
 + Level 1.8 Fighting
 + Level 1.3 Armour
 + Level 2.0 Dodging
 + Level 2.1 Stealth
 + Level 2.0 Spellcasting
 + Level 1.7 Conjurations
 + Level 3.7 Fire Magic


You had 4 spell levels left.
You knew the following spells:

 Your Spells              Type           Power      Damage    Failure   Level
a - Foxfire               Conj/Fire      40%        2x1d6     9%          1
b - Scorch                Fire           28%        2d6       9%          2

Your spell library contained the following spells:

 Spells                   Type           Power      Damage    Failure   Level
 Animate Skeleton         Necr           2%         N/A       26%         1
 Pain                     Necr           4%         1d4       26%         1
 Conjure Flame            Conj/Fire      10%        6-21      26%         3
 Inner Flame              Hex/Fire       8%         N/A       34%         3
 Vampiric Draining        Necr           1%         2d6       58%         3
 Flame Wave               Conj/Fire      10%        2d5       63%         4


Dungeon Overview and Level Annotations

Branches:
Dungeon (3/15)

Altars:
Cheibriados


Message History

Casting: Scorch (safe; 9% risk of failure)
Confirm with . or Enter, or press ? or * to list all spells.
You don't have enough magic to cast this spell.
Reach: f) +0 spear
Press: ? - help, Dir - move target, f - gnoll
Aim: a gnoll, wielding a +0 whip (severely wounded, more vulnerable to fire, about 39% to evade your +0 spear)
You reach to attack!
You hit the gnoll.
The gnoll is almost dead.
You barely miss the gnoll.
The gnoll is almost dead.
The gnoll hits you with a +0 whip.
You hit the gnoll but do no damage.
The gnoll is almost dead.
The gnoll barely misses you. The gnoll hits you with a +0 whip.
You barely miss the gnoll.
The gnoll is almost dead.
The gnoll is no longer more vulnerable to fire.
The gnoll barely misses you. The gnoll hits you but does no damage.
You closely miss the gnoll.
The gnoll is almost dead.
You completely miss the gnoll.
The gnoll is almost dead.
The gnoll hits you from afar with a +0 spear!
The gnoll barely misses you. The gnoll hits you with a +0 whip.
* * * LOW HITPOINT WARNING * * *
Okay, then.
It was a potion of might.
You feel very mighty all of a sudden. The gnoll closely misses you.
The gnoll hits you with a +0 whip.
* * * LOW HITPOINT WARNING * * *
You puncture the gnoll!
You kill the gnoll!
The gnoll closely misses you. The gnoll barely misses you.
The gnoll hits you with a +0 spear.
* * * LOW HITPOINT WARNING * * *
You puncture the gnoll!
The gnoll is heavily wounded.
The gnoll hits you with a +0 spear.
You die...

##### .... ...#
##..### ..... #
#..# .#
#.####).##.##.#
#...)g@.......#
#######.......#
#.##.##.#
#.##.# #.#..
#.#.#
##.#.###.#
##........#
#.#...#####


You could see a gnoll.

Vanquished Creatures
  2 gnolls (D:3)
  2 worms
  2 dart slugs (D:3)
  5 orcs (D:3)
  4 bats
  11 endoplasms
  4 goblins
  9 hobgoblins
  2 jackals (D:2)
  5 quokkas (D:2)
  2 ball pythons (D:1)
  2 frilled lizards
  3 kobolds
  7 rats
60 creatures vanquished.

Vanquished Creatures (others)
  85 foxfires
85 creatures vanquished.

Grand Total: 145 creatures vanquished

Notes
Turn   | Place    | Note
-------+----------+-------------------------------------------
     0 | D:1      | thriggle the Hill Orc Fire Elementalist began the quest for
                  | the Orb.
     0 | D:1      | Reached XP level 1. HP: 14/14 MP: 3/3
   320 | D:1      | Reached XP level 2. HP: 22/22 MP: 1/4
   325 | D:1      | Learned a level 2 spell: Scorch
   845 | D:1      | Reached XP level 3. HP: 27/27 MP: 2/5
   854 | D:1      | Reached skill level 1 in Fighting
  1414 | D:2      | Reached skill level 1 in Armour
  2121 | D:3      | Found a snail-covered altar of Cheibriados.
  2178 | D:3      | Reached XP level 4. HP: 35/35 MP: 1/6
  2719 | D:3      | HP: 1/36 [gnoll/+0 spear (1)]
  2720 | D:3      | Slain by a gnoll

Illustrated notes

Levels and vault maps discovered:
D:1:      dpeg_arrival_castle, layout_rooms, minmay_strange_pillars,
          minmay_stone_trees_small
D:2:      layout_loops_corners
D:3:      layout_loops_cross, kennysheep_slug_shrine,
          hellmonk_ecumenical_altar_inner_sanctum

Skill      XL: |  1  2  3  4 |
---------------+-------------+-----
Fighting       | 1 |  1.8
Armour         | 1 |  1.3
Stealth        | 2 |  2.1
Dodging        | 2 |  2.0
Spellcasting   | 2 |  2.0
Conjurations   | |  1.7
Fire Magic     | |  3.7

Action                   |  1- 3 |  4- 6 || total
-------------------------+-------+-------++-------
Melee: Unarmed           |     8 |       ||     8
       Spear             |    87 |    39 ||   126
Throw: Stone             |       |     5 ||     5
 Cast: Foxfire           |    41 |    10 ||    51
       Scorch            |     4 |     7 ||    11
  Use: Potion            |       |     1 ||     1
 Stab: Sleeping          |     1 |     1 ||     2
Armor: Robe              |     2 |       ||     2
       Leather armour    |    22 |     6 ||    28
Dodge: Dodged            |    70 |    16 ||    86
